cohdb
Replays
Latest Replays
All Replays
Popular Replays
Top Player Replays
Match Explorer
How It Works
Community
CoH3 Stats
Reddit
Sign in to upload your games and track your stats! →
Sign in with Steam
Match 43535968
Unlisted
Match 43535968
Overview
Messages
Build Orders
End
Royal Engineer Section
Construct Section Command Post
Dingo Light Scout Car
Infantry Section
Infantry Section
Selects Canadian Shock Battlegroup
Selects Attacking Spirit
Selects Canadian Shock Section
Construct Platoon Command Post
Humber Armored Car
Grenade Package
Vickers Machine Gun Team
Construct Field Infirmary
6-pounder Anti-tank Gun Team
Selects Incendiary Munitions
Canadian Shock Section
Construct Field Infirmary
Selects Pyrotechnics
Construct Company Command Post
[LoB]Fagio
^3
0
0
Comments
sign in to comment!
No comments posted yet!